 Dungeon Crawl Stone Soup version 0.28.0-55-gcd9437bce4 (webtiles) character file.

Game seed: 4200981156487635948

18 hikkokomori the Shield-Bearer (level 2, 0/28 HPs)
             Began as a Deep Dwarf Fighter on Jan 10, 2023.
             Slain by Terence
             ... wielding a +0 flail
              (8 damage)
             ... on level 2 of the Dungeon.
             The game lasted 00:00:31 (194 turns).

hikkokomori the Shield-Bearer (Deep Dwarf Fighter)   Turns: 194, Time: 00:00:31

Health: 0/28       AC:  6    Str: 19    XL:     2   Next: 48%
Magic:  2/2        EV:  9    Int:  8    God:
Gold:   7          SH:  4    Dex: 12    Spells: 1/1 levels left

rFire   . . .      SeeInvis .   a - +0 war axe
rCold   . . .      Faith    .   c - +0 buckler
rNeg    . . .      Spirit   .   b - +0 scale mail
rPois   .          Reflect  .   (no helmet)
rElec   .          Harm     .   (no cloak)
rCorr   .          Rampage  .   (no gloves)
Will    .....                   (no boots)
Stlth   ..........              (no amulet)
HPRegen 0.00/turn               (no ring)
MPRegen 0.08/turn               (no ring)

@: mighty
A: damage resistance, heal wounds, sense surroundings 1, no regeneration
a: Heal Wounds


You were on level 2 of the Dungeon.
You visited 1 branch of the dungeon, and saw 2 of its levels.

You collected 7 gold pieces.

Inventory:

Hand Weapons
 a - a +0 war axe (weapon)
Armour
 b - a +0 scale mail (worn)
 c - a +0 buckler (worn)
Potions
 e - 2 potions of resistance {unknown}


   Skills:
 + Level 3.0 Fighting
 + Level 2.6 Axes
 - Level 3.2 Armour
 + Level 3.6 Shields


You had one spell level left.
You didn't know any spells.
Your spell library was empty.

Dungeon Overview and Level Annotations

Branches:
Dungeon (1/15)

Altars:

Annotations:
D:2 Terence


Innate Abilities, Weirdness & Mutations

You are resistant to damage.
You can heal yourself by infusing magical energy.
You passively map a small area around you.
You do not regenerate.


Message History

You feel very mighty all of a sudden. Terence hits you with a +0 flail.
Unknown command.
You hit Terence.
Terence is lightly wounded.
You slash the dart slug! The dart slug closely misses you.
Terence closely misses you.
You slash the dart slug!
You kill the dart slug!
You barely miss the frilled lizard. You barely miss Terence.
You slash the quokka!
You kill the quokka!
You block the frilled lizard's attack. Terence hits you with a +0 flail.
Your Fighting skill increases to level 3!
You barely miss Terence.
Terence is lightly wounded.
You slash the frilled lizard!
You kill the frilled lizard!
You block Terence's attack.
The ball python bites you but does no damage.
The ball python misses you. Terence hits you with a +0 flail.
You are too injured to fight recklessly!
You are too injured to fight recklessly!
You are too injured to fight recklessly!
Unknown command.
You are too injured to fight recklessly!
You slash Terence!
Terence is heavily wounded.
You closely miss the ball python. The ball python closely misses you.
The ball python grabs you. The ball python constricts you.
Terence hits you with a +0 flail.
* * * LOW HITPOINT WARNING * * *
The ball python bites you but does no damage.
The ball python constricts you.
You barely miss Terence.
Terence is heavily wounded.
You slash the ball python!
You kill the ball python!
Terence hits you with a +0 flail. Terence hits you with a +0 flail!
You die...

, * , , ,*
,* * * , . ,
....########
#.....@...#
,
#....@l...#
#.....l...#
,
#........?#
#.........#
#.........#
#.........#
#.........#
, ,


You could see Terence, an iguana and a frilled lizard.

Vanquished Creatures
  A dart slug (D:2)
  A ball python (D:2)
  A giant cockroach (D:1)
  3 hobgoblins (D:1)
  4 jackals (D:1)
  A quokka (D:2)
  2 frilled lizards
  A kobold (D:1)
  A rat (D:1)
15 creatures vanquished.

Notes
Turn   | Place    | Note
-------+----------+-------------------------------------------
     0 | D:1      | hikkokomori the Deep Dwarf Fighter began the quest for the
                  | Orb.
     0 | D:1      | Reached XP level 1. HP: 20/20 MP: 1/1
    36 | D:1      | Reached XP level 2. HP: 24/27 MP: 2/2
   188 | D:1      | You fall into a shaft and drop 1 floor!
   188 | D:2      | Noticed Terence
   194 | D:2      | Slain by Terence

Illustrated notes

Levels and vault maps discovered:
D:1:      minmay_arrival_stone_box, layout_basic
D:2:      layout_basic, hellmonk_ecumenical_altar_inner_sanctum,
          cheibrodos_gnoll_hut, uniq_terence, uniq_sigmund, uniq_jessica

Skill      XL: |  1  2 |
---------------+-------+-----
Fighting       | 3 |  3.0
Axes           | |  2.6
Armour         | |  3.2
Shields        | |  3.6

Action                   || total
-------------------------++-------
Melee: War axe           ||    26
  Use: Potion            ||     1
Armor: Scale mail        ||    12
Dodge: Dodged            ||    18
Block: Buckler           ||     6
